 Dungeon Crawl Stone Soup version 0.31.0-11-ge490571c62 (webtiles) character file.

Game seed: 5631365308185022776

9 browni3141 the Conjurer (level 2, 19/19 HPs)
             Began as a Demonspawn Conjurer on Jan 30, 2024.
             Got out of the dungeon alive.
             The game lasted 00:00:17 (435 turns).

browni3141 the Conjurer (Demonspawn Conjurer)        Turns: 435, Time: 00:00:17

Health: 19/19      AC:  2    Str:  7    XL:     2   Next: 3%
Magic:  4/5        EV: 12    Int: 18    God:
Gold:   27         SH:  0    Dex: 11    Spells: 4/5 levels left

rFire   . . .        (no weapon)
rCold   . . .        (no shield)
rNeg    . . .        a - +0 robe
rPois   .            (no helmet)
rElec   .            (no cloak)
rCorr   .            (no gloves)
SInv    .            (no boots)
Will    .....        (no amulet)
Stlth   ++           (no ring)
HPRegen 0.23/turn    (no ring)
MPRegen 0.09/turn

%: no passive effects
@: no status effects
A: sturdy frame 1
a: no special abilities


You escaped.
You visited 1 branch of the dungeon, and saw 1 of its levels.

You collected 27 gold pieces.

Inventory:

Armour
 a - a +0 robe (worn)
Jewellery
 f - a ring of resist corrosion
Scrolls
 c - a scroll of noise {unknown}
 d - 2 scrolls of identify {unknown}
Potions
 b - a potion of magic
 e - a potion of haste {unknown}


   Skills:
 + Level 2.0 Dodging
 + Level 2.0 Stealth
 + Level 2.1 Spellcasting
 + Level 4.1 Conjurations


You had 4 spell levels left.
You knew the following spells:

 Your Spells              Type           Power      Damage    Failure   Level
a - Magic Dart            Conj           64%        1d6       3%          1

Your spell library contained the following spells:

 Spells                   Type           Power      Damage    Failure   Level
 Searing Ray              Conj           32%        2d5       4%          2
 Fulminant Prism          Conj/Alch      4%         3d5       58%         4
 Iskenderun's Mystic Bla  Conj/Tloc      9%         2d4       58%         4


Dungeon Overview and Level Annotations

Branches:
Dungeon (1/15)

Altars:


Innate Abilities, Weirdness & Mutations

Your movements are slightly less encumbered by armour. (ER -2)


Message History

There is an open door here.
A rat is nearby!
The magic dart hits the rat.
The rat is severely wounded.
The magic dart hits the rat.
You kill the rat!
You can't see any susceptible monsters within range! (Use Z to cast anyway.) Magic restored.
Found a stone staircase leading down.
There is a stone staircase leading down here.
You see here a +0 pair of gloves.
A giant cockroach comes into view.
A giant cockroach is nearby!
The magic dart hits the giant cockroach.
The giant cockroach is heavily wounded.
The magic dart hits the giant cockroach.
You kill the giant cockroach!
You can't see any susceptible monsters within range! (Use Z to cast anyway.)
A rat comes into view.
A rat is nearby!
A rat is nearby!
A rat is nearby!
The magic dart hits the rat.
The rat is severely wounded.
The rat squeaks loudly.
The magic dart hits the rat.
You kill the rat!
You can't see any susceptible monsters within range! (Use Z to cast anyway.)
d - a scroll labelled PEETHY AF WYROK You now have 9 gold pieces.
e - an orange potion You now have 21 gold pieces (gained 12).
You see here a rat corpse.
A rat comes into view.
The rat squeaks loudly.
A rat is nearby!
The magic dart hits the rat.
You kill the rat!
You can't see any susceptible monsters within range! (Use Z to cast anyway.)
You can't see any susceptible monsters within range! (Use Z to cast anyway.)
A goblin comes into view. It is wielding a +0 club.
A goblin is nearby!
A goblin is nearby!
A goblin is nearby!
The magic dart hits the goblin.
You kill the goblin!
You can't see any susceptible monsters within range! (Use Z to cast anyway.)
You can't see any susceptible monsters within range! (Use Z to cast anyway.)
d - 2 scrolls labelled PEETHY AF WYROK (gained 1)
f - a ring of resist corrosion A jackal comes into view.
A jackal is nearby!
The magic dart hits the jackal.
The jackal is moderately wounded.
The jackal barks!
You hear a bark! x2
The magic dart hits the jackal.
The jackal is severely wounded.
You can't see any susceptible monsters within range! (Use Z to cast anyway.)
A jackal is nearby!
A jackal is nearby!
A jackal is nearby!
The magic dart hits the jackal.
You kill the jackal!
You are out of magic!
A jackal comes into view.
A jackal is nearby!
A jackal is nearby!
The jackal attacks as it pursues you! The jackal bites you.
The jackal barely misses you. The jackal attacks as it pursues you!
The jackal closely misses you. The jackal bites you.
The jackal closely misses you. The jackal attacks as it pursues you!
The jackal barely misses you. The jackal attacks as it pursues you!
The jackal barely misses you. The jackal closely misses you.
The jackal attacks as it pursues you! The jackal misses you.
The jackal attacks as it pursues you! The jackal closely misses you.
The jackal bites you but does no damage.
The jackal closely misses you. The jackal closely misses you.
The magic dart hits the jackal.
The jackal is almost dead.
The jackal bites you but does no damage.
The magic dart hits the jackal.
You kill the jackal!
Your Dodging skill increases to level 2!
Your Stealth skill increases to level 2!
You now have 27 gold pieces (gained 6).
A hobgoblin comes into view.
A hobgoblin is nearby!
A hobgoblin is nearby!
The magic dart hits the hobgoblin.
The hobgoblin is severely wounded.
The magic dart hits the hobgoblin.
You kill the hobgoblin!
You have reached level 2!
Your demonic ancestry asserts itself...
You feel less encumbered by your armour.
There is a staircase leading out of the dungeon here.
You have escaped!

# ####.## #.# .# ##....# ##.# #
###.#########..##.#########...
####............)................
.....#####.#####.#####.#####.#...
####..###...###...###...###..##..
#...#.....#.....#.....#.......
#....#####.......## ##....##..
#.....###....@....###.....##..
##.....#...........#.....###.#
##.....#####.#####.....## #.#
##.....###...###.....## #.
##.^...#.....#.....##
#######.....#####.....##
#............###.....####
###.#####.#.....#...........
....# #.##......รท..#######


There were no monsters in sight!

Vanquished Creatures
  A giant cockroach (D:1)
  A goblin (D:1)
  A hobgoblin (D:1)
  2 jackals (D:1)
  3 rats (D:1)
8 creatures vanquished.

Notes
Turn   | Place    | Note
-------+----------+-------------------------------------------
     0 | D:1      | browni3141 the Demonspawn Conjurer began the quest for the
                  | Orb.
     0 | D:1      | Reached XP level 1. HP: 13/13 MP: 3/3
   398 | D:1      | Gained mutation: Your movements are slightly less
                  | encumbered by armour. (ER -2) [demonic ancestry]
   398 | D:1      | Reached XP level 2. HP: 19/19 MP: 1/5
   435 | D:$      | Got out of the dungeon alive.

Illustrated notes

Levels and vault maps discovered:
D:1:      onia_arrival_pyramid, layout_loops_corners, serial_park_tiny_1

Skill      XL: |  1 |
---------------+----+-----
Dodging        | 2 |  2.0
Stealth        | 2 |  2.0
Spellcasting   | |  2.1
Conjurations   | |  4.1

Action                     || total
---------------------------++-------
   Cast: Magic Dart        ||    15
 Armour: Robe              ||     4
  Dodge: Dodged            ||    10
